 Dungeon Crawl Stone Soup version 0.28-a0-1524-ge72afd5fc6 (webtiles) character file.

Game seed: 2523681786276997902

492 bastard the Slasher (level 7, 0/49 HPs)
             Began as a Djinni Gladiator on Jan 17, 2022.
             Slain by an ice beast (18 damage)
             ... on level 5 of the Dungeon.
             The game lasted 00:05:16 (5449 turns).

bastard the Slasher (Djinni Gladiator)              Turns: 5449, Time: 00:05:18

Health: 0/49       AC:  4    Str: 13    XL:     7   Next: 37%
Gold:   128        EV: 12    Int: 10    God:
                   SH:  0    Dex: 16

rFire   + + .      SeeInvis .   a - +1 long sword
rCold   x . .      Faith    .   (no shield)
rNeg    . . .      Spirit   .   b - +0 leather armour
rPois   ∞          Reflect  .   c - +0 helmet
rElec   .          Harm     .   (no cloak)
rCorr   .          Rampage  .   (no gloves)
Will    .....                   (boots unavailable)
Stlth   +.........              (no amulet)
HPRegen 0.16/turn               (no ring)
MPRegen 0.00/turn               (no ring)

@: flying
A: sickness immunity, fire resistance 2, cold vulnerability 1, float, innate
caster, hp casting, extra vitality 1
a: no special abilities


You were on level 5 of the Dungeon.
You visited 1 branch of the dungeon, and saw 5 of its levels.

You collected 128 gold pieces.

Inventory:

Hand Weapons
 a - a +1 long sword (weapon)
Armour
 b - a +0 leather armour (worn)
 c - a +0 helmet (worn)
Wands
 l - a wand of acid (11)
Scrolls
 h - a scroll of identify
 i - a scroll of enchant weapon
 j - 2 scrolls of teleportation
 k - a scroll of fog
Potions
 e - a potion of attraction
 f - a potion of might
 g - a potion of cancellation


   Skills:
 - Level 2.0 Fighting
 + Level 7.2 Long Blades
 - Level 1.5 Throwing
 - Level 3.2 Dodging


You couldn't memorise any spells.
You knew the following spells:

 Your Spells              Type           Power      Damage    Failure   Level
a - Apportation           Tloc           0%         N/A       43%         1
b - Searing Ray           Conj           0%         2d4       58%         2
c - Call Canine Familiar  Summ           0%         N/A       82%         3
Your spell library was empty.

Dungeon Overview and Level Annotations

Branches:
Dungeon (5/15)
 Temple: D:4-7

Altars:
Ru
Sif Muna
Uskayaw
Vehumet
Wu Jian
Yredelemnul
Zin

Shops:
D:1 [   D:3 (


Innate Abilities, Weirdness & Mutations

You are immune to sickness and miasma.
You are immune to poison.
Your flesh is very heat resistant. (rF++)
You are vulnerable to cold. (rC-)
You float through the air rather than walking.
You learn spells naturally, not from books.
Your magical power is your life essence.
You have superior vitality. (+4 MHP)


Message History

There is an open door here.
There is an open door here.
You see here an adder corpse.
You see here an adder corpse.
There is a stone staircase leading up here.
Done exploring.
Done exploring.
(D) Dungeon
Where to? (Enter - D:4, ? - help)
You see here a +0 giant spiked club.
You see here 17 stones.
There is a stone staircase leading down here.
You fly downwards.
There is a stone staircase leading up here.
Found a stone staircase leading down.
An ice beast comes into view.
An ice beast is nearby!
The ice beast hits you. The ice beast freezes you!
You feel a terrible chill!
You see here 2 potions of curing.
You hit the ice beast but do no damage.
The ice beast hits you but does no damage.
Throw: throwing net
Press: ? - help, Q - select action, (/) - cycle Shift-Dir - straight line, f - ice beast
Aim: an ice beast (60% to hit)
You throw a throwing net.
The throwing net barely misses the ice beast.
The ice beast hits you. The ice beast freezes you!
You feel a terrible chill!
Aiming: Corrosive Bolt
Press: ? - help, Shift-Dir - straight line, f/p - ice beast
Aim: an ice beast (71% to hit)
The bolt of acid hits the ice beast!
The acid corrodes the ice beast!
The ice beast is heavily wounded.
The ice beast barely misses you.
Aiming: Corrosive Bolt
Press: ? - help, Shift-Dir - straight line, f/p - ice beast
Aim: an ice beast (heavily wounded, covered in acid, 71% to hit)
The bolt of acid hits the ice beast!
The ice beast is almost dead.
The ice beast hits you. The ice beast freezes you!!
You feel a terrible chill!
You die...

# #.#.####
#(...!.#
#...##.#
###..##.##
....>..Y.#
#####.###@.#
.......<...#
#####.#....#
# ###.## #.#
#.# #.# ...
#..


You could see an ice beast (corroded).

Vanquished Creatures
  2 ogres (D:4)
  A jelly (D:3)
  An orc priest (D:3)
  A centaur skeleton (D:4)
  An orc wizard (D:4)
  A hound skeleton (D:3)
  8 adders
  An ufetubus (D:4)
  A worm (D:3)
  4 dart slugs
  9 orcs
  5 ball pythons
  8 endoplasms
  4 giant cockroaches
  12 goblins
  6 hobgoblins
  13 jackals
  9 kobolds
  2 quokkas
  3 bats
  4 frilled lizards (D:1)
  2 rats
98 creatures vanquished.

Vanquished Creatures (others)
  3 fungi (D:1)
3 creatures vanquished.

Grand Total: 101 creatures vanquished

Notes
Turn   | Place    | Note
-------+----------+-------------------------------------------
     0 | D:1      | bastard the Djinni Gladiator began the quest for the Orb.
     0 | D:1      | Reached XP level 1. HP: 18/18 MP: 0/0
    61 | D:1      | Reached skill level 3 in Long Blades
    68 | D:1      | Reached XP level 2. HP: 4/23 MP: 0/0
   428 | D:1      | Found a faded altar of an unknown god.
   523 | D:1      | Found Imnarag's Armour Emporium.
   591 | D:1      | Reached XP level 3. HP: 28/28 MP: 0/0
   591 | D:1      | Learned a level 1 spell: Apportation
  1201 | D:2      | Reached skill level 4 in Long Blades
  1494 | D:2      | Reached XP level 4. HP: 25/33 MP: 0/0
  1974 | D:2      | Reached XP level 5. HP: 35/38 MP: 0/0
  1974 | D:2      | Learned a level 2 spell: Searing Ray
  2518 | D:3      | Found Banoi's Antique Weapon Shoppe.
  2527 | D:3      | Reached skill level 5 in Long Blades
  3708 | D:3      | Found an ornate altar of the Wu Jian Council.
  3710 | D:3      | Found a basalt altar of Yredelemnul.
  3734 | D:3      | Reached XP level 6. HP: 5/43 MP: 0/0
  4025 | D:3      | Found a glowing silver altar of Zin.
  4028 | D:3      | Found a sacrificial altar of Ru.
  4047 | D:3      | Found a hide-covered altar of Uskayaw.
  4113 | D:4      | Reached skill level 6 in Long Blades
  4136 | D:4      | HP: 1/64 [orc (6)]
  4522 | D:4      | Noticed an ogre
  4539 | D:4      | Killed an ogre
  4577 | D:4      | Noticed an ogre
  4594 | D:4      | Killed an ogre
  4595 | D:4      | Reached skill level 7 in Long Blades
  4595 | D:4      | Reached XP level 7. HP: 49/49 MP: 0/0
  4595 | D:4      | Learned a level 3 spell: Call Canine Familiar
  5434 | D:5      | Entered Level 5 of the Dungeon
  5449 | D:5      | Slain by an ice beast

Illustrated notes

Levels and vault maps discovered:
D:1:      lightli_molten_gateway, layout_loops_ring, serial_shops, shop,
          dreamdust_ecumenical_altar_grove, minmay_hexomino_f4
D:2:      layout_basic
D:3:      layout_rooms, nicolae_overflow_hallway_of_the_gods, serial_shops, shop
D:4:      layout_loops_ring, minmay_quadrilaterals
D:5:      layout_basic

Skill      XL: |  1  2  3  4  5  6 |
---------------+-------------------+-----
Long Blades    | 3 4 5 7 |  7.2
Fighting       | |  2.0
Throwing       | |  1.5
Dodging        | |  3.2

Action                   |  1- 3 |  4- 6 |  7- 9 || total
-------------------------+-------+-------+-------++-------
Melee: Long sword        |    96 |   192 |    44 ||   332
       Punch             |       |     3 |       ||     3
Throw: Throwing net      |       |     2 |     1 ||     3
Evoke: Wand              |       |       |     2 ||     2
  Use: Scroll            |     5 |     5 |       ||    10
       Potion            |       |     4 |       ||     4
 Stab: Sleeping          |     4 |     2 |       ||     6
       Held in net/web   |       |     1 |       ||     1
Armor: Leather armour    |    47 |    55 |    15 ||   117
Dodge: Dodged            |    69 |   156 |    37 ||   262

Table legend: (Time is in decaauts)
 A = Elapsed time spent in this place.
 B = Non-inter-level travel time spent in this place.
 C = Inter-level travel time spent in this place.
 D = Time resting spent in this place.
 E = Time spent auto-exploring this place.
 F = Levels seen in this place.
 G = Mean time per level.
                   A        B        C        D        E       F      G
               +--------+--------+--------+--------+--------+-----+--------+
         Total |   5512 |   5357 |    155 |      0 |   4573 |   5 | 1102.4 |
       Dungeon |   5512 |   5357 |    155 |      0 |   4573 |   5 | 1102.4 |
               +--------+--------+--------+--------+--------+-----+--------+

Top non-repeatable levels by time:
     D:2: 1841 daAuts
     D:4: 1384 daAuts
     D:1: 1203 daAuts
     D:3: 1068 daAuts
     D:5: 14 daAuts
